 Dungeon Crawl Stone Soup version 0.31-a0-1227-g0136665373 (console) character file.

Game seed: 11683010290438348302

164501 marcantony the Thaumaturge (level 18, -7/142 (143) HPs)
             Began as a Formicid Delver on Dec 15, 2023.
             Was a High Priest of Vehumet.
             Mangled by an Executioner (16 damage)
             ... summoned by a deep elf demonologist
             ... on level 3 of the Elven Halls on Dec 17, 2023.
             The game lasted 04:07:49 (39232 turns).

marcantony the Thaumaturge (Formicid Delver)       Turns: 39232, Time: 04:07:50

HP:   -7/142 (143)  AC: 16    Str: 16    XL:     18   Next: 49%
MP:   19/35         EV: 12    Int: 25    God:    Vehumet [*****.]
Gold: 2204          SH: 14    Dex: 13    Spells: 7/43 levels left

rFire   + + .        h - +2 scimitar (protect)
rCold   + + .        i - +2 shield of Resistance {rF++ rC++ Will++}
rNeg    + + .        L - +1 leather armour of Bedevilment {rElec rN++ Will+ Dex-2}
rPois   .            (helmet unavailable)
rElec   +            z - scarf {repulsion}
rCorr   .            H - +2 pair of gloves "Zosmo" {Slay+3}
SInv    +            A - +2 pair of boots
Will    ++++.        P - amulet of regeneration
Stlth   +++          X - +4 ring of protection
HPRegen 1.23/turn    K - +6 ring of intelligence
MPRegen 0.24/turn

%: repel missiles
@: lightly drained, invisible
A: permanent stasis, dig shafts and tunnels, antennae 3, four strong arms
a: Dig, Shaft Self, Renounce Religion


You were on level 3 of the Elven Halls.
You worshipped Vehumet.
Vehumet was extremely pleased with you.
You visited 8 branches of the dungeon, and saw 31 of its levels.

You collected 3577 gold pieces.
You spent 1373 gold pieces at shops.

Inventory:

Hand Weapons
 a - a +2 arbalest of electrocution
 b - the +8 falchion "Qunint" {venom, rElec Stlth+}
   (You found it on level 2 of the Spider Nest)

   rElec:     It insulates you from electricity.
   Stlth+:    It makes you more stealthy.
 d - the +10 short sword "Ykluacak" {flame, rF+ Str+3}
   (You found it on level 7 of the Dungeon)

   Str+3:     It affects your strength (+3).
   rF+:       It protects you from fire.
 f - a +2 long sword of freezing
 h - a +2 scimitar of protection (weapon)
 Q - the +7 war axe "Efyelugu" {pain, *Rage rN+ Int+3 SInv}
   (You took it off a deep elf sorcerer on level 3 of the Elven Halls)

   Int+3:     It affects your intelligence (+3).
   rN+:       It protects you from negative energy.
   SInv:      It lets you see invisible.
   *Rage:     It berserks you when you make melee attacks (+20% chance).
Missiles
 m - 52 poisoned darts (quivered)
 E - 9 curare-tipped darts
 Y - 2 throwing nets
Armour
 i - the +2 shield of Resistance (worn) {rF++ rC++ Will++}
   (You bought it in a shop on level 6 of the Dungeon)

   rF++:      It greatly protects you from fire.
   rC++:      It greatly protects you from cold.
   Will++:    It greatly increases your willpower.
 s - the +5 ring mail of Miheduzir {rElec}
   (You found it on level 2 of the Spider Nest)

   rElec:     It insulates you from electricity.
 z - a scarf of repulsion (worn)
 A - a +2 pair of boots (worn)
 H - the +2 pair of gloves "Zosmo" (worn) {Slay+3}
   (You acquired it on level 4 of the Lair of Beasts)

   Slay+3:    It affects your accuracy & damage with ranged weapons and melee
   (+3).
 L - the +1 leather armour of Bedevilment (worn) {rElec rN++ Will+ Dex-2}
   (You found it on level 8 of the Dungeon)

   Dex-2:     It affects your dexterity (-2).
   rElec:     It insulates you from electricity.
   rN++:      It greatly protects you from negative energy.
   Will+:     It increases your willpower.
 U - the +1 scale mail "Xulavidu" {Regen+ rCorr Str+2}
   (You found it on level 4 of the Lair of Beasts)

   Str+2:     It affects your strength (+2).
   Regen+:    It increases your rate of health regeneration.
   rCorr:     It protects you from acid and corrosion.
Jewellery
 c - a +6 ring of strength
 u - a ring of wizardry
 y - a ring of protection from fire
 F - a ring of protection from cold
 I - a ring of wizardry
 K - a +6 ring of intelligence (right hand)
 N - the ring "Yduas" {Fly rC+}
   (You took it off a deep elf sorcerer on level 3 of the Elven Halls)

   [ring of flight]

   rC+:       It protects you from cold.
   Fly:       It grants you flight.
 P - an amulet of regeneration (around neck)
 X - a +4 ring of protection (left hand)
 Z - the ring "Zusmull" {AC+4 Dex-5 Slay+3 SInv}
   (You found it on level 5 of the Lair of Beasts)

   [ring of protection]

   AC+4:      It affects your AC (+4).
   Dex-5:     It affects your dexterity (-5).
   Slay+3:    It affects your accuracy & damage with ranged weapons and melee
   (+3).
   SInv:      It lets you see invisible.
Wands
 k - a wand of mindburst (5)
 p - a wand of digging (7)
 t - a wand of polymorph (22)
 x - a wand of roots (14)
 D - a wand of charming (6)
 J - a wand of quicksilver (4)
Scrolls
 e - 2 scrolls of immolation
 j - 4 scrolls of fear
 G - 4 scrolls of fog
 M - 3 scrolls of revelation
 R - a scroll of poison
Potions
 g - 16 potions of curing
 o - 4 potions of brilliance
 q - 3 potions of magic
 r - a potion of resistance
 v - 3 potions of lignification
 B - 2 potions of ambrosia
 C - 3 potions of enlightenment
 O - 4 potions of cancellation


   Skills:
 * Level 13.1 Fighting
 - Level 5.2 Maces & Flails
 + Level 9.9 Ranged Weapons
 + Level 10.1 Armour
 - Level 4.0 Dodging
 - Level 6.0 Stealth
 + Level 12.1 Shields
 * Level 13.4 Spellcasting
 - Level 10.0 Conjurations
 + Level 9.3 Translocations
 + Level 9.3 Fire Magic
 - Level 8.0 Ice Magic
 + Level 7.2 Air Magic
 - Level 2.0 Poison Magic


You had 7 spell levels left.
You knew the following spells:

 Your Spells              Type           Power      Damage    Failure   Level
a - Poisonous Vapours     Pois/Air       78%        N/A       1%          2
b - Hailstorm             Conj/Ice       58%        3d11      1%          3
c - Fireball              Conj/Fire      30%        3d13      1%          5
d - Iskenderun's Mystic   Conj/Tloc      60%        2d13      1%          4
e - Plasma Beam           Fire/Air       27%        2x1d40    11%         6
l - Freezing Cloud        Conj/Ice/Air   28%        6-21      1%          5
s - Sticky Flame          Conj/Fire      60%        2d8       1%          4
t - Passage of Golubria   Tloc           59%        N/A       1%          4
A - Ozocubu's Armour      Ice            54%        N/A       1%          3

Your spell library contained the following spells:

 Spells                   Type           Power      Damage    Failure   Level
 Conjure Ball Lightning   Conj/Air       28%        3x3d8     10%         6
 Apportation              Tloc           100%       N/A       1%          1
 Foxfire                  Conj/Fire      100%       2x1d9     1%          1
 Freeze                   Ice            100%       1d10      1%          1
 Magic Dart               Conj           100%       1d8       1%          1
 Searing Ray              Conj           100%       2d8       1%          2
 Static Discharge         Conj/Air       100%       3-8/arc   1%          2
 Frozen Ramparts          Ice            100%       1d16      1%          3
 Ignite Poison            Fire/Tmut/Pois 35%        N/A       1%          3
 Airstrike                Air            26%        2d(4-20)  1%          4
 Manifold Assault         Tloc           59%        N/A       1%          4
 Fulminant Prism          Conj/Hex       20%        3d12      2%          4
 Cigotuvi's Dreadful Rot  Necr/Pois/Air  64%        N/A       3%          2
 Starburst                Conj/Fire      30%        6d9       6%          6
 Necrotise                Necr           64%        1d7       8%          1
 Summon Small Mammal      Summ           64%        N/A       8%          1
 Dimensional Bullseye     Hex/Tloc       20%        N/A       12%         4
 Summon Ice Beast         Ice/Summ       36%        N/A       16%         4
 Summon Lightning Spire   Summ/Air       34%        N/A       19%         4
 Tukima's Dance           Hex            16%        N/A       24%         3
 Summon Forest            Summ/Tloc      20%        N/A       32%         5
 Silence                  Hex/Air        17%        N/A       45%         5
 Ozocubu's Refrigeration  Ice            27%        4d13      50%         7
 Animate Dead             Necr           16%        N/A       61%         4
 Cause Fear               Hex            8%         N/A       61%         4
 Dispel Undead            Necr           16%        3d10      61%         4
 Eringya's Noxious Bog    Tmut/Pois      10%        4d6       86%         6
 Borgnjor's Vile Clutch   Necr/Erth      8%         N/A       91%         5
 Summon Mana Viper        Hex/Summ       16%        N/A       91%         5
 Death Channel            Necr           8%         N/A       100%        6
 Haunt                    Necr/Summ      8%         N/A       100%        7
 Monstrous Menagerie      Summ           8%         N/A       100%        7
 Summon Hydra             Summ           8%         N/A       100%        7
 Ignition                 Fire           29%        3d9       93%         8
 Infestation              Necr           8%         N/A       100%        8
 Lehudib's Crystal Spear  Conj/Erth      20%        10d6      100%        8
 Chain Lightning          Conj/Air       28%        3d37      100%        9
 Dragon's Call            Summ           8%         N/A       100%        9
 Fire Storm               Conj/Fire      30%        8d8       100%        9
 Shatter                  Erth           8%         3d10*     100%        9
 Blink                    Tloc           Unusable   N/A       N/A         2

Dungeon Overview and Level Annotations

Branches:
Dungeon (15/15)            Temple (1/1) D:4            Lair (5/5) D:11
  Swamp (1/4) Lair:3       Spider (3/4) Lair:2        Slime (0/5) Lair:5
    Orc (2/2) D:10            Elf (3/3) Orc:2        Vaults (0/5) D:13
 Depths (1/4) D:15

Altars:
Ashenzari
Cheibriados
Dithmenos
Elyvilon
Fedhas
Gozag
Hepliaklqana
Kikubaaqudgha
Makhleb
Nemelex Xobeh
Okawaru
Qazlal
Ru
Sif Muna
Trog
Uskayaw
Vehumet
Wu Jian
Xom
Yredelemnul
Zin
The Shining One

Shops:
D:6 [[*?[   Orc:2 *=*[(

Portals:
Trove: D:15 (give +4 fire dragon scales)

Annotations:
D:15 exclusion: downstairs
Lair:3 exclusion: downstairs
Lair:4 2 transporters, Uveod's ghost, journeyman FeEE
Lair:5 1 runed translucent door
Spider:1 exclusion: downstairs
Spider:2 exclusion: downstairs, Jorgrun
Orc:1 exclusion: downstairs
Elf:1 2 transporters, Beno's ghost, journeyman HuNe
Elf:2 6 runed translucent doors, grandjackal's ghost, adept DsGl
Elf:3 3 runed translucent doors, grandjackal's ghost, adept DrGl


Innate Abilities, Weirdness & Mutations

You cannot be hasted, slowed, berserked, paralysed or teleported.
You can dig through walls and to a lower floor.
You have a pair of large antennae on your head. (SInv)
Your four strong arms can wield two-handed weapons with a shield.


Message History

Your air elemental is destroyed!
Your air elemental dissolves into shadows!
The Executioner hits you.
* * * LOW HITPOINT WARNING * * *
The Executioner hits you but does no damage.
You block the Executioner's attack.
Your fire elemental closely misses the Executioner.
The deep elf demonologist casts a spell.
Send 'em back where they came from!
Your fire elemental shudders.
Your deep elf pyromancer dissolves into shadows!
Your fire elemental disappears in a puff of smoke! x3
Your +3 short sword of draining dissolves into shadows!
The Executioner hits you!
* * * LOW HITPOINT WARNING * * *
The Executioner hits you.
* * * LOW HITPOINT WARNING * * *
The Executioner hits you but does no damage.
Unknown command.
Unknown command.
Casting: Freezing Cloud (mildly dangerous; 1% risk of failure)
Confirm with . or Enter, or press ? or * to list all spells.
Okay, then.
Unknown command.
Unknown command.
Unknown command.
Unknown command.
Okay, then.
Okay, then.
You feel better. The Executioner hits you.
* * * LOW HITPOINT WARNING * * *
You block the Executioner's attack.
The Executioner hits you but does no damage.
You block the Executioner's attack.
The Executioner hits you but does no damage.
The Executioner hits you.
* * * LOW HITPOINT WARNING * * *
You block the hell beast's attack. The hell beast closely misses you.
The Executioner hits you!
You die...

............# #.#######.......
..#########.# #.........######
..# ##.######.#######.# ..#
#.........# #.# # ..#####
#..######'## #.# ## ....[.# #..#
##...## #.#####. .####.# ##..#
##.○...## #...##.. .####.###...#
#.§§...)## #....'..
.........§§####.......§###.#.##..
#####.###§§§§e§§.2.O..§'...#{##..
#.# #.#####§@1.○.○######.##.. #.#
#.# ##.....## #.##.. #.# #.#
##...## ##'###. #.# #.# ##'##
##..)... #.# #.# #.# #.......
#####.###.# #.# #.......[
........#.########## ########.
#####.#..........# #[
#.....######## #[ ##..### { #{
#..# #.


You could see a hell beast (summoned, unable to see you), an Executioner
(summoned, fast, ally target), a deep elf demonologist and a friendly two-headed
ogre shaped shifter (summoned).

Vanquished Creatures
  Rupert (Lair:5)
  A deep elf master archer (Elf:3)
  4 deep elf blademasters (Elf:3)
  Kirke (D:14)
  10 deep elf sorcerers
  4 deep elf elementalists (Elf:3)
  The ghost of drugrobin the Bludgeoner, a journeyman DgDe (Orc:1)
  2 orc warlords
  A ghost moth (Spider:2)
  A broodmother (Spider:2)
  An eleionoma (Lair:3)
  2 deep elf demonologists (Elf:3)
  2 deep elf annihilators (Elf:3)
  A fire dragon (D:15)
  3 deep elf death magi
  A deep elf high priest (Elf:3)
  An ice dragon (D:15)
  The ghost of Usoddec the Fighter, a novice OgMo of Okawaru (D:10)
  8 vault guards
  4 hydras
  A death knight (D:13)
  A catoblepas (Lair:2)
  3 two-headed ogres
  2 boulder beetles
  6 centaur warriors
  7 death yaks (Lair:4)
  2 tengu warriors (D:15)
  12 dancing weapons
  2 orc high priests
  A demonic crawler (Spider:2)
  An occultist (Depths:1)
  Nergalle (D:10)
  11 deep elf knights
  Sonja (D:12)
  A pharaoh ant (Spider:2)
  2 skysharks
  A phantasmal warrior (D:13)
  An orb spider (Spider:1)
  An arcanist (Elf:1)
  12 deep elf archers
  6 orc knights
  24 deep elf pyromancers
  3 ugly things (D:15)
  A manticore (D:13)
  22 deep elf zephyrmancers
  7 cyclopes
  6 wolf spiders
  A moth of wrath (Spider:1)
  6 orc sorcerers
  Maurice (D:11)
  5 black mambas
  6 kobold blastminers
  6 elephants
  A torpor snail (Lair:5)
  A gargoyle (D:13)
  11 cane toads
  2 rime drakes (Lair:1)
  8 komodo dragons
  3 kobold demonologists
  3 yaktaurs (D:15)
  A tengu conjurer (Elf:1)
  A freezing wraith (D:13)
  2 ice devils (D:13)
  A meliai (Lair:2)
  5 trolls
  9 polar bears
  6 hornets (Lair:5)
  A polar bear (shapeshifter) (D:14)
  Grinder (D:4)
  11 tarantellas
  A queen bee (shapeshifter) (D:15)
  A glass eye (shapeshifter) (Elf:2)
  A raiju (shapeshifter) (D:15)
  3 blink frogs (Lair:5)
  A dream sheep (Lair:5)
  8 slime creatures
  2 jumping spiders
  14 spriggans (Lair:5)
  2 shadows
  5 wyverns
  6 culicivoras
  An air elemental (Elf:2)
  3 hogs (D:14)
  58 yaks
  2 wraiths
  3 humans (D:14)
  2 water elementals (Elf:2)
  6 basilisks
  A fire elemental (Elf:3)
  4 vampire mosquitoes (D:12)
  A naga (shapeshifter) (Elf:2)
  A steam dragon (D:8)
  22 redbacks
  2 wargs (Orc:2)
  An acid dragon (D:10)
  10 water moccasins
  32 orc warriors
  4 black bears
  2 ice beasts (D:6)
  3 sky beasts
  3 ogres
  4 boggarts
  25 wolves
  A spectral cyclops (Orc:1)
  4 centaurs
  13 bullfrogs
  A kobold brigand (D:10)
  4 earth elementals
  A spectral warg (Orc:1)
  5 scorpions
  8 killer bees
  An orc simulacrum (Orc:1)
  6 howler monkeys
  A jelly (D:5)
  3 hounds
  16 orc priests
  2 gnoll boudas
  3 iguanas
  2 sleepcaps
  13 hell rats
  Ijyb (D:3)
  Natasha (thrice) (D:3)
  22 orc wizards
  3 spectral orcs (Orc:1)
  A boggart simulacrum (D:15)
  6 adders
  11 gnolls
  An ogre simulacrum (Orc:1)
  20 river rats
  3 white imps
  2 worms
  A dart slug (D:1)
  90 orcs
  5 bats
  12 endoplasms
  6 giant cockroaches
  11 goblins
  5 hobgoblins
  10 quokkas
  7 ball pythons
  5 frilled lizards
  20 kobolds
  35 rats
878 creatures vanquished.

Vanquished Creatures (collateral kills)
  A demonic crawler (Spider:2)
  A tarantella (Spider:2)
2 creatures vanquished.

Vanquished Creatures (others)
  A deep elf knight (Elf:3)
  3 deep elf archers
  A deep elf zephyrmancer (Elf:1)
  4 air elementals
9 creatures vanquished.

Grand Total: 889 creatures vanquished

Notes
Turn   | Place    | Note
-------+----------+-------------------------------------------
     0 | D:5      | marcantony the Formicid Delver began the quest for the Orb.
     0 | D:5      | Reached XP level 1. HP: 18/18 MP: 1/1
    10 | D:6      | Noticed an ice beast
    10 | D:6      | Found Yffon's Magic Scroll Boutique.
    36 | D:5      | Noticed an iguana
    45 | D:5      | Noticed an orc wizard
   178 | D:4      | Found a staircase to the Ecumenical Temple.
   193 | Temple   | Entered the Ecumenical Temple
   242 | D:4      | Noticed Grinder
   292 | D:3      | Noticed an ice beast
   454 | D:3      | Reached skill level 1 in Spellcasting
   660 | D:2      | Reached XP level 2. HP: 24/24 MP: 3/3
   791 | D:1      | Reached skill level 1 in Ranged Weapons
  1008 | D:1      | Reached XP level 3. HP: 29/29 MP: 5/5
  1823 | D:2      | Reached XP level 4. HP: 35/35 MP: 7/7
  2830 | D:2      | Identified a scroll of acquirement
  2831 | D:2      | Acquired the +3 giant club of Charity {vamp, rElec}
  3033 | D:3      | Reached XP level 5. HP: 40/41 MP: 9/9
  3072 | D:3      | Noticed Ijyb
  3082 | D:3      | HP: 1/41 [Ijyb/bolt of dispelling energy (14)]
  3284 | D:3      | Learned a level 3 spell: Ozocubu's Armour
  3484 | D:3      | Noticed Natasha
  3498 | D:3      | Killed Natasha
  4014 | D:4      | Reached skill level 1 in Ice Magic
  4311 | D:4      | Reached XP level 6. HP: 27/47 MP: 11/11
  4423 | D:4      | You fall into a shaft and drop 3 floors!
  4659 | D:7      | Noticed a black bear
  4759 | D:6      | Found a shimmering blue altar of Sif Muna.
  4765 | D:6      | Noticed an ogre
  4799 | D:6      | Found Ekohycap's Antique Armour Boutique.
  4874 | D:6      | Bought a pair of runed boots for 135 gold pieces
  4926 | D:6      | Reached XP level 7. HP: 52/52 MP: 13/13
  5191 | D:6      | Noticed a water moccasin
  5193 | D:6      | Found Erich's Armour Shop.
  5367 | D:3      | Killed Ijyb
  5385 | D:3      | Noticed Natasha
  5392 | D:3      | Killed Natasha
  5437 | D:3      | Noticed Natasha
  5439 | D:3      | Killed Natasha
  6014 | D:4      | Reached skill level 5 in Spellcasting
  6214 | D:5      | Reached XP level 8. HP: 58/58 MP: 15/15
  6728 | D:5      | Found a radiant altar of Vehumet.
  6728 | D:5      | Found a glowing golden altar of the Shining One.
  6734 | D:5      | Found a white marble altar of Elyvilon.
  6736 | D:5      | Became a worshipper of Vehumet
  6739 | D:5      | Found a sacrificial altar of Ru.
  6741 | D:5      | Found an iron altar of Okawaru.
  6983 | D:6      | Found Kireynahi's Antique Armour Shop.
  7227 | D:6      | Bought a scroll of identify for 22 gold pieces
  7278 | D:6      | Found Giociots's General Store.
  7292 | D:6      | Reached skill level 1 in Armour
  7331 | D:6      | Reached skill level 5 in Ranged Weapons
  7569 | D:6      | Reached XP level 9. HP: 35/64 MP: 18/18
  7909 | D:7      | Identified the +10 short sword "Ykluacak" {flame, rF+
                  | Str+3}
  8181 | D:7      | Acquired 517 gold pieces
  8248 | D:7      | Found a stormy altar of Qazlal.
  8250 | D:7      | Found a hide-covered altar of Uskayaw.
  8340 | D:7      | Learned a level 4 spell: Sticky Flame
  8390 | D:7      | Reached * piety under Vehumet
  8390 | D:7      | Offered knowledge of Kiss of Death by Vehumet.
  8669 | D:8      | Reached skill level 5 in Ice Magic
  9074 | D:8      | Identified the +1 leather armour of Bedevilment {rElec rN++
                  | Will+ Dex-2}
  9298 | D:8      | Reached ** piety under Vehumet
  9300 | D:8      | Offered knowledge of Poisonous Vapours by Vehumet.
  9301 | D:8      | Reached XP level 10. HP: 71/71 MP: 21/21
  9386 | D:10     | Entered Level 10 of the Dungeon
  9445 | D:9      | Learned a level 2 spell: Poisonous Vapours
 10249 | D:10     | Found a runed translucent door.
 10262 | D:10     | Noticed Usoddec's ghost (novice OgMo)
 10263 | D:10     | Noticed an eight-headed hydra
 10284 | D:10     | Found a broken altar of Ashenzari.
 10298 | D:10     | Noticed Nergalle
 10320 | D:10     | You fall into a shaft and drop 3 floors!
 10323 | D:13     | Noticed a manticore
 10326 | D:13     | Noticed a centaur warrior
 10599 | D:12     | Offered knowledge of Dazzling Flash by Vehumet.
 10784 | D:6      | Bought the +2 shield of Resistance {rF++ rC++ Will++} for
                  | 846 gold pieces
 10784 | D:6      | Found the +2 shield of Resistance {rF++ rC++ Will++}
 11089 | D:10     | Found a shimmering altar of Xom.
 11128 | D:10     | Reached skill level 1 in Shields
 11151 | D:10     | Found a staircase to the Orcish Mines.
 11313 | D:10     | Reached *** piety under Vehumet
 11423 | D:10     | Noticed a kobold demonologist
 11583 | D:10     | Killed a kobold demonologist
 11584 | D:10     | Reached skill level 1 in Poison Magic
 11655 | D:10     | Reached skill level 1 in Conjurations
 11655 | D:10     | Reached skill level 1 in Fire Magic
 11710 | D:10     | Reached skill level 5 in Armour
 12054 | D:11     | Learned a level 4 spell: Passage of Golubria
 12114 | D:11     | Reached skill level 5 in Maces & Flails
 12125 | D:11     | Reached skill level 1 in Air Magic
 12132 | D:11     | Offered knowledge of Flame Wave by Vehumet.
 12158 | D:11     | Noticed a two-headed ogre
 12334 | D:11     | Noticed Maurice
 12338 | D:11     | Maurice stole 35 poisoned darts
 12346 | D:11     | Killed Maurice
 12353 | D:11     | Noticed a kobold demonologist
 12362 | D:11     | Killed a kobold demonologist
 12422 | D:11     | Found a staircase to the Lair.
 12422 | D:11     | Noticed an elephant
 12493 | D:12     | Reached skill level 5 in Fighting
 12493 | D:12     | Reached XP level 11. HP: 33/79 MP: 23/23
 12790 | D:12     | Noticed a cyclops
 13208 | D:12     | Noticed Sonja
 13221 | D:12     | Killed Sonja
 13490 | D:12     | Reached **** piety under Vehumet
 13529 | D:12     | Noticed a deep elf pyromancer
 13545 | D:12     | Killed a deep elf pyromancer
 14026 | D:13     | Noticed a deep elf pyromancer
 14062 | D:13     | Found a gate to the Vaults.
 14062 | D:13     | Noticed a vault guard
 14062 | D:13     | Noticed a vault guard
 14062 | D:13     | Noticed a vault guard
 14062 | D:13     | Noticed a vault guard
 14062 | D:13     | Noticed a vault guard
 14062 | D:13     | Noticed a vault guard
 14062 | D:13     | Noticed a vault guard
 14063 | D:13     | Noticed a vault guard
 14234 | D:11     | Killed an elephant
 14235 | D:11     | Reached skill level 5 in Fire Magic
 14292 | Lair:1   | Entered Level 1 of the Lair of Beasts
 14411 | Lair:1   | Offered knowledge of Yara's Violent Unravelling by Vehumet.
 14412 | Lair:1   | Reached skill level 5 in Conjurations
 14562 | Lair:1   | Learned a level 3 spell: Hailstorm
 14743 | Lair:1   | Reached skill level 1 in Translocations
 14789 | Lair:2   | Learned a level 5 spell: Fireball
 15249 | Lair:1   | Reached XP level 12. HP: 71/86 MP: 19/25
 16604 | Lair:2   | Reached skill level 5 in Shields
 16884 | Lair:2   | Noticed a catoblepas
 17664 | Lair:2   | Found a hole to the Spider Nest.
 18025 | Lair:3   | Reached XP level 13. HP: 89/95 MP: 19/26
 18449 | Lair:3   | Reached skill level 5 in Translocations
 18931 | Lair:3   | Noticed an eleionoma
 18952 | Lair:3   | Killed an eleionoma
 18965 | Lair:3   | Found a staircase to the Swamp.
 19468 | Lair:4   | Found a transporter.
 19476 | Lair:4   | Identified the +1 scale mail "Xulavidu" {Regen+ rCorr
                  | Str+2}
 19500 | Lair:4   | Noticed Uveod's ghost (journeyman FeEE)
 19520 | Lair:4   | Found a transporter.
 19547 | Lair:4   | Noticed a five-headed hydra
 19839 | Lair:4   | Reached skill level 10 in Spellcasting
 20065 | Lair:4   | Reached ***** piety under Vehumet
 20330 | Lair:4   | Offered knowledge of Lee's Rapid Deconstruction by Vehumet.
 20383 | Lair:5   | Entered Level 5 of the Lair of Beasts
 20640 | Lair:5   | Reached XP level 14. HP: 104/104 MP: 21/28
 20701 | Lair:5   | Identified the ring "Zusmull" {AC+4 Dex-5 Slay+3 SInv}
 20729 | Lair:5   | Noticed Rupert
 21899 | Lair:5   | Killed Rupert
 22409 | Lair:5   | Found a runed translucent door.
 22410 | Lair:5   | Noticed an azure jelly
 22412 | Lair:5   | Noticed an azure jelly
 22430 | Lair:5   | Found a staircase to the Slime Pits.
 22728 | Lair:2   | Offered knowledge of Freezing Cloud by Vehumet.
 22735 | Lair:2   | Learned a level 5 spell: Freezing Cloud
 23473 | D:12     | You fall into a shaft and drop 1 floor!
 23572 | D:14     | Noticed Kirke
 23592 | D:14     | Noticed a sphinx
 23592 | D:14     | Killed Kirke
 23846 | D:14     | Found a stormy altar of Qazlal.
 23934 | D:14     | Reached XP level 15. HP: 113/113 MP: 26/29
 24345 | D:15     | Entered Level 15 of the Dungeon
 25041 | D:15     | Found a portal to a secret trove of treasure.
 25197 | D:15     | Reached skill level 5 in Air Magic
 25244 | D:15     | Found a staircase to the Depths.
 25274 | Depths:1 | Entered Level 1 of the Depths
 25274 | Depths:1 | Noticed a stone giant
 25280 | Depths:1 | Noticed a green very ugly thing
 25281 | Depths:1 | Noticed a tentacled monstrosity
 25552 | D:15     | Noticed an orc warlord
 25564 | D:15     | Killed an orc warlord
 25667 | D:15     | Learned a level 4 spell: Iskenderun's Mystic Blast
 25802 | D:13     | You fall into a shaft and drop 2 floors!
 26553 | D:13     | Offered knowledge of Arcjolt by Vehumet.
 27147 | D:6      | Bought a scroll of enchant armour for 82 gold pieces
 27147 | D:6      | Bought a scroll of fear for 44 gold pieces
 27147 | D:6      | Bought a scroll of fog for 44 gold pieces
 27147 | D:6      | Bought a scroll of revelation for 82 gold pieces
 27352 | Orc:1    | Entered Level 1 of the Orcish Mines
 27660 | Orc:2    | Entered Level 2 of the Orcish Mines
 27731 | Orc:1    | Reached skill level 10 in Fighting
 27794 | Orc:2    | Found a staircase to the Elven Halls.
 27830 | Orc:2    | Found Seumie Ages's General Store.
 27875 | Orc:2    | Reached XP level 16. HP: 120/122 MP: 4/31
 28019 | Orc:2    | Bought a potion of heal wounds for 90 gold pieces
 28311 | Orc:1    | Found a runed translucent gate.
 28311 | Orc:1    | Found a runed translucent gate.
 28311 | Orc:1    | Found a runed translucent gate.
 28365 | Orc:1    | Noticed drugrobin's ghost (journeyman DgDe)
 28967 | Orc:2    | Found Monofez's General Store.
 28974 | Orc:2    | Found Qoere's Antique Weapon Emporium.
 28997 | Orc:2    | Bought a scroll of identify for 28 gold pieces
 29008 | Orc:2    | Found Xacsonist's Jewellery Emporium.
 29024 | Orc:2    | Found Ririeteuw's Antique Armour Emporium.
 29083 | Orc:2    | Offered knowledge of Bombard by Vehumet.
 29327 | Elf:1    | Entered Level 1 of the Elven Halls
 29380 | Elf:1    | Reached skill level 10 in Shields
 29380 | Elf:1    | Reached skill level 10 in Conjurations
 29492 | Elf:1    | Found a transporter.
 29496 | Elf:1    | Found a transporter.
 29498 | Elf:1    | Noticed Beno's ghost (journeyman HuNe)
 29869 | Orc:1    | You fall into a shaft and drop 1 floor!
 30051 | Orc:1    | Killed drugrobin's ghost
 30052 | Orc:1    | You fall into a shaft and drop 1 floor!
 31106 | D:4      | Found a staircase to the Ecumenical Temple.
 31554 | D:4      | Killed Grinder
 31846 | Swamp:1  | Entered Level 1 of the Swamp
 31953 | Spider:1 | Entered Level 1 of the Spider Nest
 32404 | Spider:2 | Noticed Jorgrun
 33395 | Spider:2 | Learned a level 6 spell: Plasma Beam
 33571 | Spider:2 | Identified the +5 ring mail of Miheduzir {rElec}
 33587 | Spider:2 | Identified the +8 falchion "Qunint" {venom, rElec Stlth+}
 33879 | Spider:2 | Offered knowledge of Orb of Destruction by Vehumet.
 34728 | D:10     | Killed Usoddec's ghost
 34736 | D:10     | Killed Nergalle
 34737 | D:10     | Reached XP level 17. HP: 110/131 MP: 14/33
 36038 | Elf:3    | Entered Level 3 of the Elven Halls
 36581 | Elf:2    | Found a runed translucent gate.
 36582 | Elf:2    | Found a runed translucent gate.
 36582 | Elf:2    | Found a runed translucent gate.
 36584 | Elf:2    | Noticed grandjackal's ghost (adept DsGl)
 36595 | Elf:2    | Offered knowledge of Iskenderun's Battlesphere by Vehumet.
 37167 | Elf:2    | Acquired the +2 pair of gloves "Zosmo" {Slay+3}
 37407 | Elf:3    | Found a runed translucent gate.
 37408 | Elf:3    | Found a runed translucent gate.
 37409 | Elf:3    | Found a runed translucent gate.
 37938 | Elf:3    | Noticed a deep elf blademaster
 37938 | Elf:3    | Noticed a deep elf blademaster
 37947 | Elf:3    | Killed a deep elf blademaster
 37952 | Elf:3    | Killed a deep elf blademaster
 38173 | Elf:2    | Reached XP level 18. HP: 142/142 MP: 30/35
 38197 | Elf:2    | Found a runed translucent gate.
 38198 | Elf:2    | Found a runed translucent gate.
 38198 | Elf:2    | Found a runed translucent gate.
 38329 | Elf:3    | Noticed grandjackal's ghost (adept DrGl)
 38770 | Elf:3    | Noticed a deep elf blademaster
 38845 | Elf:3    | Noticed a deep elf master archer
 38851 | Elf:3    | Killed a deep elf master archer
 38957 | Elf:3    | Identified the +7 war axe "Efyelugu" {pain, *Rage rN+ Int+3
                  | SInv}
 38957 | Elf:3    | Identified the ring "Yduas" {Fly rC+}
 38959 | Elf:3    | Reached skill level 10 in Armour
 38962 | Elf:3    | Identified the +8 war axe of Risefrak {heavy, rF- Int+7}
 38962 | Elf:3    | Identified the amulet of Eskam {RegenMP rPois rN+ Int-2}
 38967 | Elf:3    | Noticed a Tzitzimitl
 39092 | Elf:3    | Offered knowledge of Conjure Ball Lightning by Vehumet.
 39095 | Elf:3    | Killed a deep elf blademaster
 39178 | Elf:3    | Noticed a deep elf blademaster
 39193 | Elf:3    | Killed a deep elf blademaster
 39219 | Elf:3    | Noticed an Executioner
 39225 | Elf:3    | HP: 4/142 [Executioner[a deep elf demonologist] (4)]
 39231 | Elf:3    | HP: 7/142 [Executioner[a deep elf demonologist] (4)]
 39232 | Elf:3    | Mangled by an Executioner

Illustrated notes

Levels and vault maps discovered:
D:1:      orjb1_lava_funnel, layout_loops_cross
D:2:      layout_loops_ring, minmay_puff
D:3:      layout_loops_ring, uniq_ijyb, uniq_natasha
D:4:      minmay_bubble_buster, layout_basic, minmay_temple_entry_sparse_star,
          glass_columns_a, uniq_grinder
D:5:      layout_basic, chequers_temple_overflow_minitemple
D:6:      layout_gridville, mainiacjoe_overflow_concentric_impassable,
          serial_shops, nicolae_shop_rolling_square,
          nicolae_shop_tiny_waterfront, shop, shop, shop, enter_ossuary_2
D:7:      layout_basic, mainiacjoe_overflow_divided_tiny
D:8:      layout_gridville, special_room [special_room_orc],
          nicolae_letterblocks [nicolae_letter_subblock,
          nicolae_letter_subblock, nicolae_letter_subblock,
          nicolae_letter_subblock, nicolae_letter_subblock,
          nicolae_letter_subblock, nicolae_letter_subblock,
          nicolae_letter_subblock, nicolae_letter_subblock,
          nicolae_letter_subblock, nicolae_letter_subblock,
          nicolae_letter_subblock, nicolae_letter_subblock,
          nicolae_letter_subblock, nicolae_letter_subblock,
          nicolae_letter_subblock, nicolae_letter_subblock,
          nicolae_letter_subblock, nicolae_letter_subblock,
          nicolae_letter_subblock, nicolae_letter_subblock,
          nicolae_letter_subblock, nicolae_letter_subblock,
          nicolae_letter_subblock, nicolae_letter_subblock]
D:9:      layout_loops_ring, dk_rats_in_the_wall
D:10:     layout_roguey, lemuel_tele_altar, mainiacjoe_overflow_catwalk,
          ebering_ghost_inner_flame, hex_tiny, uniq_nergalle
D:11:     layout_roguey, grunt_lair_entry_orc_guard_hut, grunt_decor_one_mirror,
          uniq_maurice
D:12:     layout_irregular_city, uniq_sonja
D:13:     layout_basic, erik_vaults_2, portal_ice_cave_demonic_guard
D:14:     layout_cave_pools, nicolae_qazlal_scattered_showers, uniq_kirke
D:15:     grunt_enter_depths_hoard, layout_loops_ring, enter_trove_1,
          lightli_church_of_beogh
Temple:   chequers_temple_sunken
Lair:1:   layout_small_grid, chequers_serial_rivers_micro_c,
          cheibrodos_lair_reptile_den
Lair:2:   lemuel_ratsnest, layout_layer_cave,
          hellmonk_spider_entry_not_the_bees, lemuel_fruit_fields
Lair:3:   layout_regular_city, alex1729_swamp_entry_worm_eleionoma,
          serial_bayou_shore_b
Lair:4:   dreamdust_cave_troll, layout_concentric_octagons,
          gammafunk_ghost_berserking_beasts
Lair:5:   minmay_lair_end_enchanted_forest, layout_misc_corridors,
          slime_entry_2, uniq_rupert
Swamp:1:  layout_basic_swamp, evilmike_swamp_ruin_rubble_1, swamp_pool_1_2
Spider:1: layout_cave_pods, hangedman_spider_tarantella_strand
Spider:2: layout_spider_delve, nicolae_spider_acid_house, uniq_jorgrun
Spider:3: layout_spider_delve, uniq_arachne
Orc:1:    layout_caves, basic_altar, gammafunk_ghost_necromancy
Orc:2:    grunt_orc_cross, layout_caves, serial_shops, shop
Elf:1:    layout_loops_corners, gammafunk_ghost_arena, hangedman_elf_disciples
Elf:2:    nicolae_elf_blades_crystal_corner, layout_onion_city,
          gammafunk_ghost_split
Elf:3:    minmay_elf_hall_dome, layout_gridlike, gammafunk_ghost_tricky_traps,
          nicolae_elf_martial_mastery
Depths:1: layout_forbidden_donut, hellmouth_2, kennysheep_small_spiral,
          rand_demon_pan_entry_4, grunt_decor_junction, abandoned_shop,
          minmay_alternating_orb, serial_bayou_shore_b

Skill      XL: |  1  2  3  4  5  6  7  8  9 10 11 12 13 14 15 16 17 18 |
---------------+-------------------------------------------------------+-----
Spellcasting   | 1 2 3 4 5 6 7 8 9 10 11 12 13 | 13.4
Ranged Weapons | 1 2 3 4 5 6 7 8 9 |  9.9
Ice Magic      | 1 2 3 4 5 6 7 8 |  8.0
Maces & Flails | 3 4 5 |  5.2
Dodging        | 2 3 4 |  4.0
Armour         | 2 4 5 6 7 8 9 10 | 10.1
Fighting       | 5 6 7 9 10 11 12 13 | 13.1
Shields        | 3 4 5 7 8 9 10 11 12 | 12.1
Poison Magic   | 2 |  2.0
Conjurations   | 1 5 6 8 9 10 | 10.0
Fire Magic     | 1 5 6 7 8 9 |  9.3
Air Magic      | 1 2 3 4 5 6 7 |  7.2
Translocations | 2 4 6 7 8 9 |  9.3
Stealth        | |  6.0

Action                     |  1- 3 |  4- 6 |  7- 9 | 10-12 | 13-15 | 16-18 || total
---------------------------+-------+-------+-------+-------+-------+-------++-------
  Melee: Mace              |    38 |    49 |    53 |       |       |       ||   140
         Giant club        |       |    32 |   217 |   109 |       |       ||   358
         Short sword       |       |       |    28 |   323 |   168 |    17 ||   536
         Scimitar          |       |       |       |       |       |    20 ||    20
         Falchion          |       |       |       |       |       |    15 ||    15
   Fire: Sling             |    99 |    94 |     9 |       |       |       ||   202
         Shortbow          |       |       |    52 |   174 |       |       ||   226
         Arbalest          |       |       |       |    31 |   418 |   439 ||   888
  Throw: Dart              |       |       |       |     7 |    16 |     4 ||    27
   Cast: Ozocubu's Armour  |       |     1 |       |       |     2 |       ||     3
         Poisonous Vapours |       |       |       |     2 |       |       ||     2
         Sticky Flame      |       |       |       |    73 |   124 |    33 ||   230
         Hailstorm         |       |       |       |    13 |    22 |     1 ||    36
         Fireball          |       |       |       |       |    30 |       ||    30
         Freezing Cloud    |       |       |       |       |    87 |   165 ||   252
         Passage of Golubr |       |       |       |       |     6 |     5 ||    11
         Iskenderun's Myst |       |       |       |       |     6 |    96 ||   102
         Plasma Beam       |       |       |       |       |       |     2 ||     2
Ability: Dig               |     1 |     1 |     4 |     4 |     5 |     4 ||    19
         Shaft Self        |       |     1 |       |     1 |     2 |     2 ||     6
  Evoke: Wand              |     1 |     3 |     9 |     6 |     9 |     9 ||    37
    Use: Scroll            |     2 |     6 |     8 |    11 |     6 |     8 ||    41
         Potion            |       |       |     3 |     3 |     1 |     7 ||    14
   Stab: Sleeping          |       |     4 |    12 |     7 |       |     1 ||    24
 Armour: Leather armour    |    48 |    84 |   226 |   307 |   331 |   323 ||  1319
  Dodge: Dodged            |    46 |    80 |   214 |   242 |   170 |   139 ||   891
         Repelled          |       |       |       |     3 |       |     7 ||    10
  Block: Kite shield       |       |       |       |   250 |   303 |   230 ||   783

Table legend: (Time is in decaauts)
 A = Elapsed time spent in this place.
 B = Non-inter-level travel time spent in this place.
 C = Inter-level travel time spent in this place.
 D = Time resting spent in this place.
 E = Time spent auto-exploring this place.
 F = Levels seen in this place.
 G = Mean time per level.
                   A        B        C        D        E       F      G
               +--------+--------+--------+--------+--------+-----+--------+
         Total |  40144 |  36487 |   3657 |  10399 |  13583 |  31 | 1295.0 |
       Dungeon |  21186 |  18781 |   2405 |   4713 |   7869 |  15 | 1412.4 |
        Temple |     71 |     71 |      0 |     65 |      0 |   1 |   71.0 |
          Lair |   9005 |   8456 |    549 |   2398 |   3226 |   5 | 1801.0 |
         Swamp |      1 |      1 |      0 |      0 |      0 |   1 |    1.0 |
   Spider Nest |   2198 |   1967 |    231 |    517 |    573 |   3 |  732.7 |
  Orcish Mines |   2957 |   2622 |    335 |   1102 |    799 |   2 | 1478.5 |
   Elven Halls |   4714 |   4580 |    134 |   1603 |   1116 |   3 | 1571.3 |
        Depths |      8 |      8 |      0 |      0 |      0 |   1 |    8.0 |
               +--------+--------+--------+--------+--------+-----+--------+

Top non-repeatable levels by time:
     D:4: 2343 daAuts
    D:12: 2141 daAuts
  Lair:2: 2107 daAuts
  Lair:5: 2024 daAuts
  Lair:1: 1932 daAuts
    D:10: 1855 daAuts
   Elf:3: 1714 daAuts
     D:2: 1613 daAuts
   Orc:1: 1568 daAuts
    D:11: 1544 daAuts
    D:15: 1513 daAuts
   Elf:1: 1512 daAuts
     D:6: 1507 daAuts
  Lair:4: 1494 daAuts
   Elf:2: 1488 daAuts
